 Dungeon Crawl Stone Soup version 0.29.0-11-gd7f09526c8 (webtiles) character file.

Game seed: 14509547558069006092

44 freelancePsychic the Shooter (level 3, -8/29 HPs)
             Began as a Demigod Arcane Marksman on Sept 5, 2022.
             Killed from afar by a white imp (10 damage)
             ... with a puff of frost
             ... on level 3 of the Dungeon.
             The game lasted 00:01:57 (2109 turns).

freelancePsychic the Shooter (DgAM)                 Turns: 2109, Time: 00:01:58

Health: -8/29      AC:  6    Str: 11    XL:     3   Next: 23%
Magic:  4/6        EV: 10    Int: 15    God:
Gold:   78         SH:  0    Dex: 18    Spells: 3/4 levels left

rFire   . . .      SeeInvis .   a - +1 sling
rCold   . . .      Faith    .   (no shield)
rNeg    . . .      Spirit   .   g - +0 ring mail
rPois   .          Reflect  .   (no helmet)
rElec   .          Harm     .   (no cloak)
rCorr   .          Rampage  .   (no gloves)
Will    .....                   o - +0 pair of boots
Stlth   +.........              (no amulet)
HPRegen 0.09/turn               (no ring)
MPRegen 0.10/turn               (no ring)

@: no status effects
A: high MP 1, forlorn, divine attributes
a: no special abilities


You were on level 3 of the Dungeon.
You visited 1 branch of the dungeon, and saw 3 of its levels.

You collected 78 gold pieces.

Inventory:

Hand Weapons
 a - a +1 sling (weapon)
Armour
 c - a +0 robe
 g - a +0 ring mail (worn)
 o - a +0 pair of boots (worn)
Jewellery
 d - a ring of protection from fire
Scrolls
 b - a scroll of poison
 h - a scroll of teleportation {@r4}
 l - a scroll of summoning {unknown}
 m - a scroll of identify {unknown}
 n - a scroll of magic mapping {unknown}
Potions
 e - 4 potions of curing {unknown}
 f - 2 potions of resistance {unknown}
 i - a potion of heal wounds {unknown}
 j - 2 potions of brilliance {unknown}
 k - 2 potions of mutation {unknown}
 p - a potion of might {unknown}


   Skills:
 + Level 1.8 Fighting
 * Level 3.0 Ranged Weapons
 - Level 1.7 Dodging
 - Level 1.0 Spellcasting
 - Level 2.6 Hexes


You had 3 spell levels left.
You knew the following spells:

 Your Spells              Type           Power      Damage    Failure   Level
a - Slow                  Hex            32%        N/A       21%         1

Your spell library contained the following spells:

 Spells                   Type           Power      Damage    Failure   Level
 Inner Flame              Hex/Fire       4%         N/A       71%         3
 Portal Projectile        Hex/Tloc       8%         N/A       71%         3
 Cause Fear               Hex            4%         N/A       89%         4


Dungeon Overview and Level Annotations

Branches:
Dungeon (3/15)


Innate Abilities, Weirdness & Mutations

You have an increased reservoir of magic. (+10% MP)
You shall have no god before yourself.
Your divine heritage dramatically boosts your attributes as you level up.


Message History

Aim: a white imp (60% to hit)
You shoot a sling bullet. The sling bullet hits the white imp!
The white imp is severely wounded.
Casting: Slow (safe; 21% risk of failure)
Confirm with . or Enter, or press ? or * to list all spells.
Aiming: Slow (safe; 21% risk of failure)
Press: ? - help, Shift-Dir - straight line, f/p - white imp
Aim: a white imp (severely wounded, chance to affect: 54%)
The white imp seems to slow down.
Fire: a) +1 sling
Press: ? - help, Shift-Dir - straight line, f/p - white imp
Aim: a white imp (severely wounded, slow, 60% to hit)
You shoot a sling bullet.
The sling bullet hits the white imp but does no damage.
The white imp is severely wounded.
Fire: a) +1 sling
Press: ? - help, Shift-Dir - straight line, f/p - white imp
Aim: a white imp (severely wounded, slow, 60% to hit)
You shoot a sling bullet. The sling bullet hits the white imp.
The white imp is severely wounded.
An orc priest comes into view. It is wielding a +0 club.
The orc barely misses you. The white imp completely misses you.
The orc misses you.
Fire: a) +1 sling
Press: ? - help, Shift-Dir - straight line, f/p - white imp
Aim: a white imp (severely wounded, slow, 60% to hit)
You shoot a sling bullet.
The sling bullet hits the white imp but does no damage.
The white imp is severely wounded.
The white imp gestures at you. The puff of frost hits you.
The orc priest mumbles some strange prayers to Beogh against you.
Beogh smites you!
* * * LOW HITPOINT WARNING * * *
The orc hits you with a +0 club.
* * * LOW HITPOINT WARNING * * *
Okay, then.
The white imp gestures at you. The puff of frost hits you!
You die...

........#...#
........#.###
.........)##
...........#########
...................#
............[......#
...................#
...................##..#.
................@.5.....)
..............####o.†.###
###...........# .†...>.
#............# .......
#..........#.# ...†...
#.......(..#.# .......
#............. .....o.
#...........### .......


You could see an orc priest, a white imp (slow) and an orc.

Vanquished Creatures
  3 dart slugs
  8 ball pythons
  2 endoplasms (D:1)
  3 giant cockroaches
  3 goblins
  3 hobgoblins (D:2)
  2 quokkas
  4 bats
  4 frilled lizards
  2 kobolds
  3 rats
  A spectral kobold (D:1)
38 creatures vanquished.

Notes
Turn   | Place    | Note
-------+----------+-------------------------------------------
     0 | D:1      | freelancePsychic the Demigod Arcane Marksman began the
                  | quest for the Orb.
     0 | D:1      | Reached XP level 1. HP: 15/15 MP: 4/4
   126 | D:1      | Reached skill level 1 in Fighting
   144 | D:1      | Reached skill level 2 in Ranged Weapons
   743 | D:1      | Reached XP level 2. HP: 23/23 MP: 5/5
  1364 | D:2      | Reached XP level 3. HP: 29/29 MP: 6/6
  1584 | D:2      | Reached skill level 3 in Ranged Weapons
  2109 | D:3      | Killed from afar by a white imp

Illustrated notes

Levels and vault maps discovered:
D:1:      dpeg_arrival_water_fire, layout_basic,
          dreamdust_ecumenical_altar_drowned_temple, serial_forest,
          infiniplex_forest_diagonal, infiniplex_forest_clump_tiny,
          infiniplex_forest_lined_corner, infiniplex_forest_straight_4,
          infiniplex_forest_end_1, infiniplex_forest_3_way,
          chequers_serial_rivers_small_3
D:2:      minmay_alternating_diamond, layout_loops_cross, basic_altar
D:3:      layout_rooms, minmay_crystal_water

Skill      XL: |  1  2  3 |
---------------+----------+-----
Fighting       | 1 |  1.8
Ranged Weapons | 2 3 |  3.0
Dodging        | |  1.7
Spellcasting   | |  1.0
Hexes          | |  2.6

Action                   || total
-------------------------++-------
 Fire: Sling             ||   107
 Cast: Slow              ||     2
  Use: Scroll            ||     2
Armor: Ring mail         ||    23
Dodge: Dodged            ||    31
